 Dungeon Sprint DCSS version 0.28.0-53-g5a82cb258f (webtiles) character file.

Game seed: 2569577149937466811

49 Zeld the Changer (level 3, -4/26 HPs)
             Began as an Octopode Transmuter on June 6, 2022.
             Was a Believer of Sif Muna.
             Slain by a flying skull (13 damage)
             ... in the Dungeon (Sprint VII: "The Pits").
             The game lasted 00:01:31 (1234 turns).

Zeld the Changer (Octopode Transmuter)              Turns: 1234, Time: 00:01:32

Health: -4/26      AC:  2    Str: 11    XL:     3   Next: 75%
Magic:  5/8        EV: 19    Int: 15    God:    Sif Muna [**....]
Gold:   0          SH:  0    Dex: 17    Spells: 4/10 levels left

rFire   . . .      SeeInvis .     - Unarmed
rCold   . . .      Faith    .   (shield currently unavailable)
rNeg    . . .      Spirit   .   (helmet currently unavailable)
rPois   x          Reflect  .   (no amulet)
rElec   .          Harm     .   (no ring)
rCorr   .          Rampage  .   (no ring)
Will    .....      NoTele   +   (no ring)
Stlth   ++........              (no ring)
HPRegen 0.08/turn               (no ring)
MPRegen 0.11/turn               (no ring)
                                (no ring)
                                (no ring)

@: spider-form, slowed, very slow
A: venomous fangs, almost no armour, (amphibious), 8 rings, tiny, (camouflage
1), (gelatinous body 1), (nimble swimmer 1), (tentacles)
a: End Transformation, Renounce Religion, Channel Magic


You were in the Dungeon.
You worshipped Sif Muna.
Sif Muna was pleased with you.
You were a venomous arachnid creature.
You visited 1 branch

Inventory:

Scrolls
 f - a scroll of blinking
 g - 5 scrolls of amnesia
 h - a scroll of summoning
Potions
 a - 5 potions of curing
 b - 2 potions of invisibility
 c - a potion of haste
 d - 4 potions of magic
 e - 2 potions of berserk rage
 i - 5 potions of heal wounds


   Skills:
 + Level 3.0 Fighting
 - Level 2.0 Dodging
 - Level 3.0 Unarmed Combat
 * Level 4.1 Spellcasting
 * Level 4.4 Transmutations
 + Level 1.0 Poison Magic
 + Level 2.2 Invocations


You had 4 spell levels left.
You knew the following spells:

 Your Spells              Type           Power      Damage    Failure   Level
a - Beastly Appendage     Tmut           32%        N/A       10%         1
b - Wereblood             Tmut           16%        N/A       13%         2
c - Spider Form           Tmut/Pois      11%        N/A       36%         3

Your spell library contained the following spells:

 Spells                   Type           Power      Damage    Failure   Level
 Ice Form                 Ice/Tmut       9%         N/A       77%         4


Dungeon Overview and Level Annotations

Branches:
Dungeon (1/1)

Altars:
Ashenzari
Cheibriados
Dithmenos
Elyvilon
Fedhas
Gozag
Hepliaklqana
Kikubaaqudgha
Makhleb
Nemelex Xobeh
Okawaru
Qazlal
Ru
Sif Muna
Trog
Uskayaw
Vehumet
Wu Jian
Xom
Yredelemnul
Zin
The Shining One
Beogh
Jiyva
Lugonu


Innate Abilities, Weirdness & Mutations

You are a venomous arachnid creature.
You have poisonous fangs.
You are tiny and dextrous.
Your spellcasting is less reliable in this form.
Your armour is entirely melded.
You are incapable of wielding weapons or throwing items.
You cannot wear most types of armour.
((You are amphibious.))
You can wear up to eight rings at the same time.
((Your skin changes colour to match your surroundings (Stealth+).))
((Your rubbery body absorbs attacks. (AC +1, EV +1)))
((You are camouflaged when in or above water. (Stealth+)))
((You have tentacles for arms and can constrict up to eight enemies at once.))


Message History

Things that are here:
a +0 whip; a gnoll corpse
There is an open door here.
There is an open door here.
Clearing quiver.
Okay, then.
You open the door.
There is an open door here.
You open the door.
Unknown command.
A scorpion and a kobold brigand come into view.
The kobold brigand is wielding a +0 dagger and quivering curare-tipped darts.
There is an open door here.
There is an open door here.
The kobold brigand shouts!
A flying skull comes into view.
The kobold brigand throws a curare-tipped dart.
The curare-tipped dart hits you.
You are poisoned.
You have difficulty breathing.
You feel yourself slow down.
You feel sick.
You feel sick.
You feel sick.
You feel sick.
You are no longer poisoned.
You feel better. The flying skull hits you!
Press: ? - help, v - describe, . - travel
Here: a flying skull The floor.
Casting: Spider Form (quite dangerous; 17% risk of failure)
Confirm with . or Enter, or press ? or * to list all spells.
The spell is quite dangerous to miscast (17% risk of failure)!
Continue anyway?
Okay, then.
Casting: Spider Form (quite dangerous; 17% risk of failure)
Confirm with . or Enter, or press ? or * to list all spells.
The spell is quite dangerous to miscast (17% risk of failure)!
Continue anyway?
You turn into a venomous arachnid creature.
The flying skull hits you!
Ouch! That really hurt!
You die...

#_________.#
#_________.#
#_______...#######
##########'##.....
#.?(.')))'.##.....
##########.##.....
#........)..'.....
#'#####'#####.....
#s#..#...'.##.....
#z#..#...#)#####'#
#.#..#####.##.....
#.#..'...#.##.....
#K#..'...'.##.....
#.#..########...<.
#.#..'.)))[##.....
#.#..#.)))[##.....
#'###########.....


You could see a kobold brigand and a flying skull.

Vanquished Creatures
  2 gnolls (D)
  2 river rats (D)
  An ufetubus (D)
  2 endoplasms (D)
  A hobgoblin (D)
  A bat (D)
9 creatures vanquished.

Notes
Turn   | Place    | Note
-------+----------+-------------------------------------------
     0 | D        | Zeld the Octopode Transmuter began the quest for the Orb.
     0 | D        | Reached XP level 1. HP: 13/13 MP: 3/3
    15 | D        | Found a bloodstained altar of Trog.
    15 | D        | Found a shimmering blue altar of Sif Muna.
    15 | D        | Found a viscous altar of Jiyva.
    15 | D        | Found a hazy altar of Hepliaklqana.
    15 | D        | Found an opulent altar of Gozag.
    16 | D        | Found a glowing golden altar of the Shining One.
    16 | D        | Found a glowing silver altar of Zin.
    16 | D        | Found a basalt altar of Yredelemnul.
    16 | D        | Found a shimmering altar of Xom.
    16 | D        | Found an ornate altar of the Wu Jian Council.
    16 | D        | Found a sacrificial altar of Ru.
    16 | D        | Found a stormy altar of Qazlal.
    16 | D        | Found an iron altar of Okawaru.
    16 | D        | Found a sparkling altar of Nemelex Xobeh.
    16 | D        | Found a burning altar of Makhleb.
    16 | D        | Found a blossoming altar of Fedhas.
    16 | D        | Found a white marble altar of Elyvilon.
    16 | D        | Found a shadowy altar of Dithmenos.
    16 | D        | Found a snail-covered altar of Cheibriados.
    17 | D        | Found a radiant altar of Vehumet.
    17 | D        | Found a corrupted altar of Lugonu.
    18 | D        | Found an ancient bone altar of Kikubaaqudgha.
    18 | D        | Found a hide-covered altar of Uskayaw.
    18 | D        | Found a broken altar of Ashenzari.
    19 | D        | Became a worshipper of Sif Muna the Loreminder
   373 | D        | Reached * piety under Sif Muna
   374 | D        | Reached skill level 1 in Invocations
   374 | D        | Reached XP level 2. HP: 18/19 MP: 4/6
   377 | D        | Learned a level 2 spell: Wereblood
   442 | D        | Reached XP level 3. HP: 4/25 MP: 8/8
   695 | D        | Learned a level 3 spell: Spider Form
  1045 | D        | Reached ** piety under Sif Muna
  1053 | D        | Reached skill level 1 in Poison Magic
  1221 | D        | Noticed a scorpion
  1221 | D        | Noticed a kobold brigand
  1224 | D        | Noticed a flying skull
  1234 | D        | Slain by a flying skull

Illustrated notes

Levels and vault maps discovered:
D:        pitsprint [storerooms_1, entrance_room_1, metal_vault_3, armoury_2,
          mini_pit_1, grid_room_1, main_hall_1, silver_pit, the_coven_1,
          the_vestibule_1, steel_vault_1, golden_pit, hallway_of_sentries,
          crystal_vault_5, iron_vault_3, final_vault]

Skill      XL: |  1  2  3 |
---------------+----------+-----
Transmutations | 3 4 |  4.4
Fighting       | 2 3 |  3.0
Spellcasting   | 3 4 |  4.1
Invocations    | 1 2 |  2.2
Poison Magic   | 1 |  1.0
Dodging        | |  2.0
Unarmed Combat | |  3.0

Action                   || total
-------------------------++-------
Melee: Unarmed           ||    28
       Tentacles         ||     5
       Kick              ||     7
       Constrict         ||     4
       Punch             ||     1
 Cast: Beastly Appendage ||     4
       Spider Form       ||     2
  Use: Potion            ||     3
Dodge: Dodged            ||    34
